 Dungeon Crawl Stone Soup version 0.31-a0-765-g67fe2935dc (webtiles) character file.

Game seed: 8049231993807968185

9 cforsyth the Sneak (level 2, -1/25 HPs)
             Began as a Djinni Delver on Sept 15, 2023.
             Slain by a quokka (3 damage)
             ... on level 3 of the Dungeon.
             The game lasted 00:00:28 (124 turns).

cforsyth the Sneak (Djinni Delver)                   Turns: 124, Time: 00:00:28

Health: -1/25      AC:  3    Str: 11    XL:     2   Next: 20%
Gold:   0          EV: 12    Int: 11    God:
                   SH:  0    Dex: 14

rFire   + + .        a - +0 falchion
rCold   x . .        (no shield)
rNeg    . . .        b - +0 leather armour
rPois   ∞            (no helmet)
rElec   .            (no cloak)
rCorr   .            (no gloves)
SInv    .            (boots unavailable)
Will    .....        (no amulet)
Stlth   ++           (no ring)
HPRegen 0.24/turn    (no ring)
MPRegen 0.00/turn

%: infuse magic (-2 HP)
@: flying
A: sickness immunity, fire resistance 2, cold vulnerability 1, float, innate
caster, HP casting, extra vitality 1
a: no special abilities


You were on level 3 of the Dungeon.
You visited 1 branch of the dungeon, and saw 3 of its levels.

Inventory:

Hand Weapons
 a - a +0 falchion (weapon)
Armour
 b - a +0 leather armour (worn)
Wands
 g - a wand of digging (3)
 h - a wand of mindburst (14)
Scrolls
 c - a scroll of fog
 d - a scroll of revelation
 e - a scroll of fear
Potions
 f - a potion of haste


   Skills:
 + Level 3.3 Fighting
 - Level 1.7 Long Blades
 - Level 2.1 Dodging
 - Level 4.1 Stealth
 + Level 0.7 Spellcasting
 + Level 0.7 Conjurations
 + Level 0.7 Hexes
   Level 0.0 Charms
 + Level 0.7 Summonings
 + Level 0.7 Necromancy
 + Level 0.7 Translocations
 + Level 0.7 Transmutations
 + Level 0.7 Fire Magic
 + Level 0.7 Ice Magic
 + Level 0.7 Air Magic
 + Level 0.7 Earth Magic
 + Level 0.7 Poison Magic You didn't know any spells. Your spell library was empty.

Dungeon Overview and Level Annotations

Branches:
Dungeon (5/15)
 Temple: D:4-7

Altars:

Annotations:
D:3 1 runed translucent door, heikuro's ghost, amateur FoFi


Innate Abilities, Weirdness & Mutations

You are immune to sickness and miasma.
You are immune to poison.
Your flesh is very heat resistant. (rF++)
You are vulnerable to cold. (rC-)
You float through the air rather than walking.
You learn spells naturally, not from books.
Your magical power is your life essence.
You have superior vitality. (+4 MHP)


Message History

The goblin hits you but does no damage. The bat closely misses you.
You hit the goblin.
You kill the goblin!
The bat hits you but does no damage. The bat closely misses you.
You hit the bat.
You kill the bat!
You hit the hobgoblin but do no damage.
The hobgoblin hits you but does no damage.
You barely miss the hobgoblin. The hobgoblin barely misses you.
The hobgoblin hits you.
You closely miss the hobgoblin.
A quokka comes into view.
The hobgoblin barely misses you.
You barely miss the hobgoblin. The hobgoblin closely misses you.
The goblin shoots a sling bullet.
The sling bullet hits you but does no damage.
You closely miss the hobgoblin. The hobgoblin closely misses you.
The goblin shoots a sling bullet.
The sling bullet closely misses you.
You closely miss the hobgoblin.
The hobgoblin hits you but does no damage.
The goblin shoots a sling bullet.
The sling bullet hits you!
* * * LOW HITPOINT WARNING * * *
You completely miss the hobgoblin. The hobgoblin hits you.
* * * LOW HITPOINT WARNING * * *
The hobgoblin barely misses you. The quokka attacks as it pursues you!
The quokka barely misses you. The quokka attacks as it pursues you!
The quokka bites you.
* * * LOW HITPOINT WARNING * * *
You hit the quokka.
The quokka is almost dead.
The quokka bites you but does no damage.
The quokka closely misses you.
You closely miss the quokka.
The quokka is almost dead.
The quokka barely misses you.
You closely miss the quokka.
The quokka is almost dead.
The quokka bites you.
You die...

............#
..................#
...................######
....................#.....
..###......................
.##⌠##.....#...............
##...##...###...gg.#.......
#..?..##...#####r##).......
...♣..W#......##@##...(....
#..!..##...##....##...#....
##...##....####......#<#...
.##⌠##†..### ##.##...#.. .
..###...########.##........
.......####..........^.....
.........##................
...........................
.........##................


You could see a quokka, a hobgoblin and a goblin.

Vanquished Creatures
  A dart slug (D:3)
  An orc (D:4)
  A giant cockroach (D:4)
  A goblin (D:3)
  2 bats (D:3)
6 creatures vanquished.

Notes
Turn   | Place    | Note
-------+----------+-------------------------------------------
     0 | D:5      | cforsyth the Djinni Delver began the quest for the Orb.
     0 | D:5      | Reached XP level 1. HP: 20/20 MP: 0/0
     6 | D:5      | Noticed a gnoll bouda
    81 | D:3      | Noticed heikuro's ghost (amateur FoFi)
    84 | D:3      | Found a runed translucent door.
   108 | D:3      | Reached XP level 2. HP: 12/25 MP: 0/0
   121 | D:3      | HP: 1/25 [quokka (3)]
   124 | D:3      | Slain by a quokka

Illustrated notes

Levels and vault maps discovered:
D:3:      layout_rooms, nicolae_dithmenos_through_a_glass_darkly,
          hellmonk_ghost_happy_afterlife, st_stairs_14, minmay_liquid_box,
          item_on_display_a
D:4:      layout_basic, nicolae_overflow_crystal_walls,
          nicolae_uskayaw_murder_on_the_dancefloor,
          nicolae_sif_muna_condensation, chequers_serial_rivers_small_a,
          uniq_natasha
D:5:      old_forge, layout_loops_ring, serial_shops,
          nicolae_shop_rolling_square, uniq_ijyb

Action                     || total
---------------------------++-------
  Melee: Falchion          ||    32
 Armour: Leather armour    ||    32
  Dodge: Dodged            ||    28

Table legend: (Time is in decaauts)
 A = Elapsed time spent in this place.
 B = Non-inter-level travel time spent in this place.
 C = Inter-level travel time spent in this place.
 D = Time resting spent in this place.
 E = Time spent auto-exploring this place.
 F = Levels seen in this place.
 G = Mean time per level.
                   A        B        C        D        E       F      G
               +--------+--------+--------+--------+--------+-----+--------+
         Total |    130 |    130 |      0 |      0 |     50 |   3 |   43.3 |
       Dungeon |    130 |    130 |      0 |      0 |     50 |   3 |   43.3 |
               +--------+--------+--------+--------+--------+-----+--------+

Top non-repeatable levels by time:
     D:3: 82 daAuts
     D:5: 24 daAuts
     D:4: 24 daAuts
